AoeStats
← CripKilla356

Oasis

509401091Analyzed
4v4 RM · 7d ago on Sep 26, 2026· 52m 34s· 8 players
Game mode
Random Map
Map size
Large (8 player)
Population
200
Speed
Normal
Resources
Standard
Victory
Conquest
Starting age
Dark Age
Ending age
Imperial Age
RankedLock teamsTeams togetherTeam positionsShared explorationLock speedFull tech treeHidden civsTurbo modeCheats
Victory
Defeat
🇬🇧 Bulgarians · United Kingdom
751
+15
🇲🇽 Varangians · Mexico
749
+15
🇨🇳 Vietnamese · China
731
+16
🇺🇸 Malians · United States
685
+18
🇸🇪 Persians · Sweden
743
-17
🇸🇪 Italians · Sweden
734
-16
🇧🇷 Persians · Brazil
723
-16
🇫🇷 Franks · France
714
-15
CripKilla356
11:38 Feudal Age
20:52 Castle Age
19:04 Horse Collar
20:03 Double-Bit Axe
23:55 Gold Mining
28:06 Wheelbarrow
27:55 Stone Mining
29:56 Husbandry
30:07 Bloodlines
34:48 Imperial Age
32:36 Scale Barding Armor
35:02 Bow Saw
34:56 Heavy Plow
36:39 Heavy Camel Rider
38:44 Chain Barding Armor
38:35 Forging
40:51 Gold Shaft Mining
40:52 Stone Shaft Mining
41:09 Kamandaran
42:40 Scale Mail Armor
43:52 Thumb Ring
43:08 Crossbowman
43:16 Man-at-Arms
43:41 Arson
43:57 Squires
43:42 Gambesons
44:21 Chain Mail Armor
44:42 Iron Casting
44:06 Long Swordsman
47:01 Ballistics
47:43 Chemistry
46:09 Pikeman
46:43 Elite Skirmisher
46:51 Elite Skirmisher
49:55 Fletching
50:05 Padded Archer Armor
50:45 Bodkin Arrow
51:42 Halberdier
52:59 Leather Archer Armor
armo345
13:23 Feudal Age
14:12 Man-at-Arms
24:18 Castle Age
23:09 Double-Bit Axe
23:55 Horse Collar
27:19 Long Swordsman
28:40 Pikeman
38:44 Forging
pagerbon
12:20 Feudal Age
10:35 Loom
14:03 Wheelbarrow
13:29 Double-Bit Axe
13:49 Town Watch
16:12 Horse Collar
19:30 Forging
19:26 Scale Barding Armor
21:17 Scale Mail Armor
24:27 Castle Age
25:11 Bloodlines
25:06 Heavy Plow
25:12 Gold Mining
26:34 Bow Saw
26:52 Light Cavalry
31:01 Husbandry
31:24 Hand Cart
32:56 Gold Shaft Mining
35:57 Masonry
38:42 Imperial Age
40:05 Architecture
40:30 Crop Rotation
41:01 Two-Man Saw
41:48 Iron Casting
41:36 Chain Barding Armor
45:05 Caravan
45:37 Coinage
46:00 Guilds
x311219
9:53 Loom
12:35 Feudal Age
13:01 Double-Bit Axe
15:44 Wheelbarrow
18:37 Castle Age
17:13 Wheelbarrow
17:44 Gold Mining
17:44 Stone Mining
24:09 Caravan
25:57 Hand Cart
26:31 Gold Shaft Mining
26:16 Fervor
26:23 Bow Saw
26:53 Treadmill Crane
27:38 Town Watch
30:04 Murder Holes
30:53 Pikeman
31:33 Squires
31:37 Gambesons
32:40 Forging
32:36 Scale Barding Armor
34:46 Husbandry
35:29 Ballistics
41:12 Imperial Age
42:20 Cavalier
43:31 Fletching
44:17 Iron Casting
46:05 Chivalry
46:26 Conscription
47:09 Light Cavalry
ISpillTheCoffee
0:28 Loom
10:35 Feudal Age
12:21 Town Watch
12:24 Double-Bit Axe
18:26 Arson
20:40 Horse Collar
23:54 Wheelbarrow
27:09 Castle Age
25:08 Gold Mining
29:23 Forging
29:19 Scale Barding Armor
29:28 Heavy Plow
29:49 Bloodlines
29:40 Husbandry
31:32 Iron Casting
34:53 Scale Mail Armor
35:02 Squires
42:32 Chain Barding Armor
42:29 Chain Mail Armor
46:01 Gold Shaft Mining
45:45 Hand Cart
48:58 Stirrups
Zukomazi
2:52 Loom
13:19 Feudal Age
14:35 Town Watch
14:43 Double-Bit Axe
14:41 Horse Collar
18:10 Wheelbarrow
21:12 Castle Age
19:58 Stone Mining
19:58 Gold Mining
22:32 Hand Cart
22:38 Bow Saw
28:38 Scale Mail Armor
29:13 Pikeman
29:58 Squires
31:02 Forging
30:53 Fletching
32:02 Elite Skirmisher
32:42 Bodkin Arrow
32:47 Padded Archer Armor
34:09 Chain Mail Armor
34:30 Iron Casting
33:56 Pikeman
34:30 Arson
35:01 Leather Archer Armor
38:33 Imperial Age
37:17 Heavy Plow
38:00 Stone Shaft Mining
38:01 Gold Shaft Mining
38:51 Capped Ram
40:13 Conscription
42:55 Tigui
46:53 Masonry
47:04 Ballistics
48:51 Architecture
49:22 Chemistry
48:56 Guard Tower
49:33 Man-at-Arms
50:05 Long Swordsman
51:01 Two-Handed Swordsman
52:17 Champion
pjanic1520
5:48 Loom
12:56 Feudal Age
21:24 Castle Age
22:05 Wheelbarrow
21:22 Gold Mining
21:15 Horse Collar
21:24 Double-Bit Axe
23:28 Heavy Plow
23:46 Bow Saw
24:15 Husbandry
28:10 Fletching
28:32 Forging
37:58 Imperial Age
35:41 Bodkin Arrow
35:46 Padded Archer Armor
37:05 Bloodlines
39:21 Bracer
41:02 Gothikon
41:07 Vendel Legacy
41:10 Cavalier
43:35 Squires
45:09 Crop Rotation
45:17 Cranequins
46:18 Hand Cart
45:49 Town Watch
46:55 Iron Casting
47:24 Capped Ram
47:30 Elite Varangian Guard
51:07 Heavy Mounted Crossbowman
52:34 Scale Barding Armor
石头哥
11:10 Feudal Age
12:09 Double-Bit Axe
14:54 Horse Collar
21:41 Castle Age
19:50 Gold Mining
29:10 Bow Saw
28:54 Stone Mining
29:12 Heavy Plow
31:46 Stone Shaft Mining
34:29 Caravan
37:15 Padded Archer Armor
37:05 Fletching
38:07 Wheelbarrow
40:04 Imperial Age
38:19 Leather Archer Armor
37:59 Bodkin Arrow
38:29 Hand Cart
39:49 Thumb Ring
39:07 Crossbowman
39:09 Elite Skirmisher
42:22 Paper Money
43:15 Two-Man Saw
42:51 Crop Rotation
42:08 Town Watch
43:02 Elite Rattan Archer
43:36 Imperial Skirmisher
46:59 Chemistry
46:20 Ballistics
45:59 Treadmill Crane
46:29 Bracer
46:59 Ring Archer Armor
46:45 Town Patrol
50:44 Hoardings
49:43 Sappers
50:17 Chatras
50:53 Loom
51:21 Forging
51:12 Scale Mail Armor
51:17 Scale Barding Armor
51:38 Bombard Tower
Connection lost

Rejoining the realm…

Still unreachable

The connection could not be restored.

Session expired

The server has moved on; the page needs a fresh start.